 Dungeon Crawl Stone Soup version 0.31-a0-233-g139696dc86 (webtiles) character file.

Game seed: 7950399900438540307

53 qw the Shooter (level 3, -2/21 HPs)
             Began as a Gargoyle Hexslinger on July 8, 2023.
             Slain by a gnoll
             ... wielding a +0 flail
              (5 damage)
             ... on level 2 of the Dungeon.
             The game lasted 00:00:40 (1518 turns).

qw the Shooter (Gargoyle Hexslinger)                Turns: 1518, Time: 00:00:41

Health: -2/21      AC:  9    Str: 11    XL:     3   Next: 87%
Magic:  4/4        EV: 10    Int: 13    God:
Gold:   118        SH:  0    Dex: 14    Spells: 3/4 levels left

rFire   . . .        Y - +1 sling
rCold   . . .        (no shield)
rNeg    + . .        i - +0 ring mail
rPois   inf          (no helmet)
rElec   +            a - +0 cloak
rCorr   .            (no gloves)
SInv    .            (no boots)
Will    .....        (no amulet)
Stlth   +            (no ring)
HPRegen 0.23/turn    (no ring)
MPRegen 0.09/turn

%: no passive effects
@: no status effects
A: sickness immunity, AC +3, negative energy resistance 1, electricity
resistance, torment resistance 1, petrification resistance
a: no special abilities


You were on level 2 of the Dungeon.
You visited 1 branch of the dungeon, and saw 2 of its levels.

You collected 118 gold pieces.


Innate Abilities, Weirdness & Mutations

You are immune to sickness and miasma.
Your stone body is resilient. (AC +3)
You are immune to poison.
You resist negative energy. (rN+)
You are resistant to electric shocks. (rElec)
You are resistant to unholy torment.
You are immune to petrification.


   Skills:
 - Level 2.0 Fighting
 + Level 3.5 Ranged Weapons
 - Level 1.0 Armour
 - Level 1.5 Dodging
 - Level 1.0 Spellcasting
 - Level 2.6 Hexes


You had 3 spell levels left.
You knew the following spells:

 Your Spells              Type           Power      Damage    Failure   Level
a - Slow                  Hex            28%        N/A       22%         1

Your spell library contained the following spells:

 Spells                   Type           Power      Damage    Failure   Level
 Inner Flame              Hex/Fire       4%         N/A       75%         3
 Portal Projectile        Hex/Tloc       8%         N/A       75%         3
 Cause Fear               Hex            3%         N/A       91%         4

Inventory:

Hand Weapons
 Y - a +1 sling (weapon)
Armour
 a - a +0 cloak (worn)
 d - a +0 helmet
 i - a +0 ring mail (worn)
Scrolls
 f - 2 scrolls of identify
Potions
 b - a potion of magic {unknown}
 c - 2 potions of cancellation {unknown}
 h - a potion of curing

Dungeon Overview and Level Annotations

Branches:
Dungeon (2/15)

Altars:


Message History

Enter note:
Enter note:
Enter note: You shoot a sling bullet.
The sling bullet closely misses the gnoll.
The sling bullet hits the gnoll.
The gnoll is heavily wounded.
You shoot a sling bullet.
The sling bullet barely misses the gnoll.
The gnoll hits you with a +0 flail.
You shoot a sling bullet.
The sling bullet hits the gnoll but does no damage.
The gnoll is heavily wounded.
The gnoll hits you with a +0 flail. The gnoll closely misses you.
The gnoll hits you from afar with a +0 spear.
You shoot a sling bullet.
The sling bullet closely misses the gnoll.
The sling bullet hits the gnoll.
The gnoll is moderately wounded.
The gnoll hits you but does no damage. The gnoll barely misses you.
The gnoll hits you from afar with a +0 spear.
The gnoll barely misses you. The gnoll hits you but does no damage.
The gnoll hits you with a +0 flail.
You shoot a sling bullet.
The sling bullet closely misses the gnoll.
The sling bullet hits the gnoll.
The gnoll is moderately wounded.
The gnoll hits you from afar with a +0 spear.
The gnoll closely misses you.
You shoot a sling bullet. The sling bullet hits the gnoll.
The gnoll is almost dead.
The gnoll hits you with a +0 flail. The gnoll hits you but does no damage.
The gnoll barely misses you.
You shoot a sling bullet.
The sling bullet closely misses the gnoll.
The sling bullet hits the gnoll.
The gnoll is severely wounded.
The gnoll misses you. The gnoll barely misses you.
The gnoll hits you but does no damage. The gnoll hits you with a +0 flail.
You die...

..####........#.##.#.# #.####
.....#.#########.....#######.####
...#.#.# #}.}# #...........<.....
##.....# .>..##....########.####
#.#..## .!..##..## #.#### #.#.##
#...##.# #..... #<..#


#gg #.# ###### ##...# ##g##.# ...### #.g@..# ##### ##..### ....# ##.# ###.# #.#
.##.# #.# .##.# #.# .##.# #.# ....# #.# .#### #.# You could see 4 gnolls.

Vanquished Creatures
  An adder (D:2)
  4 bats
  5 endoplasms
  2 giant cockroaches (D:2)
  4 goblins
  5 hobgoblins
  A jackal (D:1)
  4 quokkas
  4 ball pythons
  3 frilled lizards
  3 kobolds
  A rat (D:2)
37 creatures vanquished.

Notes
Turn   | Place    | Note
-------+----------+-------------------------------------------
     0 | D:1      | qw the Gargoyle Hexslinger began the quest for the Orb.
     0 | D:1      | Reached XP level 1. HP: 12/12 MP: 2/2
     0 | D:1      | 0 ||| qw: Version: 0.3-a-46-gb1f654a
     0 | D:1      | 0 ||| qw: Game counter: 3754
     0 | D:1      | 0 ||| qw: Melee chars always use a shield: true
     0 | D:1      | 0 ||| qw: God list: Okawaru
     0 | D:1      | 0 ||| qw: Allow faded altars: false
     0 | D:1      | 0 ||| qw: Do Orc after clearing Dungeon:15 true
     0 | D:1      | 0 ||| qw: Do second Lair branch before Depths: true
     0 | D:1      | 0 ||| qw: Lair rune preference: random
     0 | D:1      | 0 ||| qw: Goals: Normal
     0 | D:1      | 0 ||| PLANNING D:1-11
   135 | D:1      | HP: 2/12 [kobold/+3 short sword (4)]
   219 | D:1      | Reached XP level 2. HP: 16/16 MP: 3/3
   407 | D:1      | Reached skill level 3 in Ranged Weapons
   808 | D:1      | 808 ||| UPGRADING to +0 leather armour.
   818 | D:1      | 818 ||| DROPPING +0 robe.
   819 | D:1      | 819 ||| UPGRADING to +0 ring mail.
   829 | D:1      | 829 ||| DROPPING +0 leather armour.
   830 | D:1      | 830 ||| READING scroll labelled WAULLA HISHRE.
   834 | D:1      | 834 ||| READING 3 scrolls labelled ONI NOATEDIARGH.
   835 | D:1      | 835 ||| READING scroll labelled ALEUFUUNG NEWO.
   836 | D:1      | 836 ||| READING 2 scrolls of identify.
   836 | D:1      | 836 ||| IDENTIFYING puce potion
   837 | D:1      | 837 ||| DROPPING scroll of poison.
   930 | D:2      | Reached XP level 3. HP: 15/21 MP: 4/4
  1035 | D:2      | 1035 ||| Stepping ~*~*~tactically~*~*~ (outnumbered).
  1113 | D:2      | 1113 ||| FLEEEEING.
  1156 | D:2      | 1156 ||| FLEEEEING.
  1157 | D:2      | 1157 ||| FLEEEEING.
  1166 | D:2      | 1166 ||| STAIRDANCE
  1204 | D:1      | 1204 ||| UPGRADING to +0 cloak.
  1378 | D:2      | Reached skill level 1 in Armour
  1517 | D:2      | HP: 2/21 [gnoll/+0 flail (4)]
  1518 | D:2      | Slain by a gnoll

Levels and vault maps discovered:
D:1:      dpeg_arrival_brainrot, layout_basic, minmay_misc_feat_doors
D:2:      layout_loops_cross, grunt_ministairs_8

Skill      XL: |  1  2  3 |
---------------+----------+-----
Ranged Weapons | 3 |  3.5
Fighting       | 2 |  2.0
Armour         | 1 |  1.0
Dodging        | |  1.5
Spellcasting   | |  1.0
Hexes          | |  2.6

Action                     || total
---------------------------++-------
   Fire: Sling             ||   151
    Use: Scroll            ||     4
 Armour: Robe              ||     8
         Ring mail         ||    47
  Dodge: Dodged            ||    49

Table legend:
 A = Non-vault XP
 B = Vault XP
 C = Vault XP percentage of total XP
 D = Non-vault monster count
 E = Vault monster count
 F = Vault count percentage of total count
                 A         B        C        D         E       F
            +---------+---------+-------+---------+---------+-------
      Total |      74 |       2 |   2.6 |      36 |       1 |   2.7
            +---------+---------+-------+---------+---------+-------
        D:1 |      25 |       2 |   7.4 |      15 |       1 |   6.2
        D:2 |      49 |       0 |   0.0 |      21 |       0 |   0.0
            +---------+---------+-------+---------+---------+-------
